General information
- name: BNet
- type: Ladder team game (AT/RT)
- host: Battle.net
- saver: PeriqueFarmer
map: Deadlock
- players: 8
- length: 50:50
- speed: Fast
- version: 1.27 W3XP
- replay type: Public
» download(301 KB)
Players
team 1 (loser)

»
BrianPeepers (
teal | 43 APM | 1881 actions | 43:39)
5 Pit Lord
3 Rain of Fire
2 Cleaving Attack
» actions
| Assign group hotkey | 34 | |
| Basic commands | 149 | |
| Build / train | 81 | |
| Enter build submenu | 32 | |
| Enter hero's abilities submenu | 5 | |
| Right click | 595 | |
| Select / deselect | 540 | |
| Select group hotkey | 338 | |
| Use ability | 107 | |
1881 total
» units
| Peasant | 11 | |
| Footman | 15 | |
| Gryphon Rider | 1 | |
| Knight | 11 | |
| Spell Breaker | 4 | |
42 total
» upgrades
| Defend | 1 | |
| Swords | 3 | |
| Masonry | 3 | |
| Lumber Harvesting | 1 | |
| Storm Hammers | 1 | |
9 total
» buildings
| Farm | 13 | |
| Altar of Kings | 1 | |
| Barracks | 2 | |
| Scout Tower | 7 | |
| Arcane Tower | 3 | |
| Arcane Vault | 1 | |
| Lumber Mill | 1 | |
| Blacksmith | 1 | |
| Keep | 1 | |
| Castle | 1 | |
| Gryphon Aviary | 2 | |
| Guard Tower | 5 | |
| Arcane Sanctum | 1 | |
39 total
» build order
00:07 Farm
00:10 Altar of Kings
00:16 Barracks
00:45 Farm
00:48 Farm
01:23 Scout Tower
01:46 Farm
01:54 Arcane Tower
01:54 Arcane Tower
02:27 Arcane Vault
02:44 Farm
03:40 Lumber Mill
03:59 Blacksmith
05:01 Keep
05:15 Farm
05:16 Farm
07:57 Scout Tower
07:57 Scout Tower
07:58 Farm
08:01 Castle
08:25 Gryphon Aviary
08:34 Guard Tower
09:55 Gryphon Aviary
10:10 Scout Tower
10:28 Guard Tower
10:31 Farm
10:37 Guard Tower
10:42 Scout Tower
10:57 Farm
11:23 Arcane Tower
11:50 Scout Tower
11:52 Farm
11:54 Farm
11:55 Scout Tower
13:18 Guard Tower
13:46 Farm
14:31 Guard Tower
18:21 Barracks
18:58 Arcane Sanctum
» items
| Scroll of Regeneration | 4 | |
| Scroll of Town Portal | 2 | |
| Ivory Tower | 2 | |
| Orb of Fire | 1 | |
| Potion of Healing | 2 | |
11 total
SHRIEK.PEAK (
orange | 70 APM | 3535 actions | 50:48)
8 Blademaster
3 Wind Walk
3 Critical Strike
1 Bladestorm
1 Mirror Image
5 Shadow Hunter
3 Hex
2 Healing Wave
» actions
| Assign group hotkey | 48 | |
| Basic commands | 9 | |
| Build / train | 83 | |
| Enter build submenu | 24 | |
| Enter hero's abilities submenu | 13 | |
| Give item / drop item | 3 | |
| Remove unit from queue | 1 | |
| Right click | 1428 | |
| Select / deselect | 373 | |
| Select group hotkey | 826 | |
| Use ability | 727 | |
3535 total
» units
| Peon | 19 | |
| Grunt | 3 | |
| Wind Rider | 12 | |
| Troll Batrider | 2 | |
36 total
» upgrades
| Ranged Weapons | 2 | |
| Reinforced Defenses | 1 | |
| Armor | 2 | |
| Envenomed Spears | 1 | |
| Burning Oil | 1 | |
| Ensnare | 1 | |
| Liquid Fire | 1 | |
| War Drums Damage Increase | 1 | |
10 total
» buildings
| Altar of Storms | 1 | |
| Orc Burrow | 8 | |
| Barracks | 1 | |
| Voodoo Lounge | 1 | |
| Stronghold | 3 | |
| War Mill | 1 | |
| Great Hall | 3 | |
| Beastiary | 3 | |
| Fortress | 1 | |
| Watch Tower | 19 | |
41 total
» build order
00:08 Altar of Storms
00:18 Orc Burrow
00:38 Barracks
01:23 Orc Burrow
01:56 Voodoo Lounge
02:55 Stronghold
02:55 Stronghold
03:45 War Mill
04:24 Great Hall
04:44 Orc Burrow
04:50 Orc Burrow
05:44 Beastiary
05:45 Beastiary
07:51 Fortress
09:05 Watch Tower
09:06 Watch Tower
09:06 Watch Tower
11:11 Watch Tower
11:11 Watch Tower
11:12 Watch Tower
11:13 Watch Tower
11:13 Watch Tower
11:14 Watch Tower
12:46 Great Hall
12:51 Orc Burrow
12:52 Orc Burrow
13:26 Orc Burrow
14:15 Beastiary
15:17 Watch Tower
15:18 Watch Tower
17:26 Watch Tower
17:26 Watch Tower
18:38 Watch Tower
18:39 Watch Tower
23:08 Great Hall
24:30 Watch Tower
24:30 Watch Tower
24:30 Watch Tower
25:02 Watch Tower
45:35 Orc Burrow
» items
| Healing Salve | 3 | |
| Staff of Teleportation | 2 | |
| Potion of Lesser Invulnerability | 4 | |
| Potion of Mana | 1 | |
| Scroll of Town Portal | 1 | |
| Scroll of Healing | 2 | |
| Boots of Speed | 2 | |
| Periapt of Vitality | 1 | |
16 total
Milania_is_hot (
purple | 16 APM | 834 actions | 50:48)
2 Mountain King
1 Storm Bolt
1 Thunder Clap
» actions
| Basic commands | 43 | |
| Build / train | 98 | |
| Enter build submenu | 46 | |
| Enter hero's abilities submenu | 2 | |
| Right click | 196 | |
| Select / deselect | 386 | |
| Use ability | 63 | |
834 total
» units
| Peasant | 42 | |
| Siege Engine | 16 | |
| Mortar Team | 4 | |
62 total
» upgrades
| Masonry | 3 | |
| Gunpowder | 3 | |
| Plating | 3 | |
| Lumber Harvesting | 1 | |
| Barrage | 1 | |
11 total
» buildings
| Farm | 10 | |
| Altar of Kings | 1 | |
| Lumber Mill | 1 | |
| Scout Tower | 24 | |
| Guard Tower | 17 | |
| Town Hall | 2 | |
| Keep | 1 | |
| Blacksmith | 1 | |
| Castle | 1 | |
| Workshop | 6 | |
| Arcane Vault | 1 | |
65 total
» build order
00:10 Farm
00:11 Altar of Kings
00:26 Lumber Mill
00:50 Farm
01:25 Farm
01:27 Scout Tower
01:59 Guard Tower
02:02 Scout Tower
02:04 Farm
02:38 Guard Tower
02:50 Farm
03:55 Town Hall
04:01 Scout Tower
04:04 Scout Tower
04:06 Scout Tower
04:33 Scout Tower
04:38 Guard Tower
05:01 Guard Tower
05:06 Guard Tower
05:32 Guard Tower
05:47 Keep
06:03 Blacksmith
06:16 Scout Tower
06:19 Scout Tower
06:23 Scout Tower
06:28 Scout Tower
06:42 Guard Tower
06:46 Guard Tower
06:48 Farm
06:54 Guard Tower
06:55 Farm
07:19 Scout Tower
07:59 Farm
08:01 Scout Tower
08:03 Scout Tower
08:08 Castle
08:11 Workshop
08:16 Workshop
08:22 Workshop
08:29 Workshop
08:30 Guard Tower
08:37 Workshop
08:38 Guard Tower
08:42 Scout Tower
08:49 Arcane Vault
09:38 Guard Tower
09:40 Scout Tower
09:58 Farm
10:03 Farm
10:08 Workshop
10:10 Guard Tower
10:12 Scout Tower
10:40 Guard Tower
10:42 Scout Tower
11:24 Guard Tower
16:34 Scout Tower
16:35 Scout Tower
16:36 Scout Tower
16:37 Scout Tower
16:40 Scout Tower
17:08 Guard Tower
17:10 Scout Tower
21:03 Town Hall
23:06 Scout Tower
24:13 Guard Tower
» items
| Scroll of Regeneration | 1 | |
| Scroll of Town Portal | 1 | |
2 total
Lopan (
yellow | 33 APM | 1330 actions | 40:45)
4 Archmage
2 Summon Water Elemental
2 Brilliance Aura
2 Paladin
1 Holy Light
1 Divine Shield
» actions
| Assign group hotkey | 34 | |
| Basic commands | 25 | |
| Build / train | 69 | |
| ESC pressed | 7 | |
| Enter build submenu | 39 | |
| Enter hero's abilities submenu | 6 | |
| Right click | 347 | |
| Select / deselect | 589 | |
| Select group hotkey | 114 | |
| Use ability | 100 | |
1330 total
» units
| Peasant | 23 | |
| Footman | 7 | |
| Sorceress | 7 | |
| Rifleman | 3 | |
40 total
» upgrades
| Defend | 2 | |
| Long Rifles | 1 | |
| Lumber Harvesting | 1 | |
| Sorceress Training | 1 | |
5 total
» buildings
| Altar of Kings | 4 | |
| Farm | 10 | |
| Barracks | 1 | |
| Arcane Vault | 1 | |
| Town Hall | 2 | |
| Keep | 2 | |
| Lumber Mill | 1 | |
| Scout Tower | 10 | |
| Arcane Tower | 2 | |
| Guard Tower | 2 | |
| Arcane Sanctum | 2 | |
| Blacksmith | 1 | |
| Castle | 1 | |
39 total
» build order
00:10 Altar of Kings
00:15 Farm
00:32 Barracks
01:11 Farm
01:37 Arcane Vault
02:00 Farm
02:59 Farm
04:08 Town Hall
05:11 Keep
05:43 Lumber Mill
06:59 Scout Tower
07:00 Scout Tower
07:04 Scout Tower
08:05 Arcane Tower
08:06 Arcane Tower
08:07 Guard Tower
08:38 Arcane Sanctum
08:41 Arcane Sanctum
08:53 Blacksmith
09:55 Castle
10:29 Scout Tower
10:31 Scout Tower
10:33 Scout Tower
10:35 Scout Tower
14:15 Guard Tower
14:17 Keep
14:21 Altar of Kings
14:22 Farm
14:23 Farm
14:24 Farm
14:54 Scout Tower
14:57 Scout Tower
14:59 Scout Tower
15:35 Altar of Kings
15:36 Farm
15:39 Altar of Kings
15:46 Farm
15:47 Farm
17:38 Town Hall
» items
| Scroll of Regeneration | 2 | |
| Lesser Clarity Potion | 1 | |
| Potion of Mana | 3 | |
| Potion of Healing | 1 | |
| Tiny Great Hall | 1 | |
8 total
team 2 (winner)
Thorongil (
green | 69 APM | 2382 actions | 34:37)
5 Death Knight
3 Death Coil
2 Unholy Aura
3 Lich
2 Frost Nova
1 Frost Armor
» actions
| Assign group hotkey | 36 | |
| Build / train | 107 | |
| ESC pressed | 4 | |
| Enter build submenu | 50 | |
| Enter hero's abilities submenu | 8 | |
| Give item / drop item | 4 | |
| Remove unit from queue | 4 | |
| Right click | 1248 | |
| Select / deselect | 343 | |
| Select group hotkey | 469 | |
| Use ability | 109 | |
2382 total
» units
| Acolyte | 6 | |
| Ghoul | 9 | |
| Crypt Fiend | 5 | |
| Obsidian Statue | 3 | |
23 total
» upgrades
| Creature Attack | 3 | |
| Creature Carapace | 3 | |
| Web | 1 | |
| Ghoul Frenzy | 1 | |
8 total
» buildings
| Crypt | 2 | |
| Altar of Darkness | 2 | |
| Ziggurat | 11 | |
| Graveyard | 3 | |
| Tomb of Relics | 1 | |
| Nerubian Tower | 2 | |
| Halls of the Dead | 11 | |
| Black Citadel | 6 | |
| Sacrificial Pit | 2 | |
| Slaughterhouse | 1 | |
| Boneyard | 1 | |
| Necropolis | 2 | |
44 total
» build order
00:30 Crypt
00:34 Altar of Darkness
00:39 Ziggurat
00:44 Ziggurat
01:03 Graveyard
01:19 Ziggurat
01:43 Tomb of Relics
01:55 Nerubian Tower
02:13 Nerubian Tower
03:09 Ziggurat
04:51 Halls of the Dead
04:52 Halls of the Dead
04:52 Halls of the Dead
04:52 Halls of the Dead
07:45 Black Citadel
07:45 Black Citadel
07:45 Black Citadel
07:52 Sacrificial Pit
09:26 Slaughterhouse
12:42 Ziggurat
12:45 Ziggurat
14:10 Boneyard
14:27 Nerubian Tower
14:28 Nerubian Tower
17:23 Necropolis
17:48 Graveyard
20:09 Ziggurat
23:47 Necropolis
23:55 Ziggurat
24:02 Altar of Darkness
24:59 Ziggurat
26:48 Halls of the Dead
26:48 Halls of the Dead
26:49 Halls of the Dead
28:44 Graveyard
29:19 Ziggurat
29:46 Crypt
30:17 Ziggurat
32:26 Sacrificial Pit
32:35 Black Citadel
» items
| Rod of Necromancy | 2 | |
| Scroll of Town Portal | 1 | |
| Potion of Healing | 1 | |
| Boots of Speed | 1 | |
5 total
PeriqueFarmer (
red | 63 APM | 3204 actions | 50:50)
10 Archmage
3 Summon Water Elemental
3 Brilliance Aura
1 Mass Teleport
3 Blizzard
» actions
| Assign group hotkey | 66 | |
| Basic commands | 104 | |
| Build / train | 110 | |
| Enter build submenu | 40 | |
| Enter hero's abilities submenu | 10 | |
| Give item / drop item | 3 | |
| Remove unit from queue | 3 | |
| Right click | 1380 | |
| Select / deselect | 651 | |
| Select group hotkey | 665 | |
| Use ability | 172 | |
3204 total
» units
| Peasant | 18 | |
| Footman | 1 | |
| Rifleman | 11 | |
| Priest | 4 | |
| Mortar Team | 7 | |
41 total
» upgrades
| Long Rifles | 1 | |
| Armor | 3 | |
| Lumber Harvesting | 2 | |
| Priest Training | 2 | |
| Gunpowder | 3 | |
| Masonry | 3 | |
| Fragmentation Shards | 1 | |
| Flare | 1 | |
| Magic Sentry | 1 | |
| Animal War Training | 1 | |
| Swords | 3 | |
| Plating | 3 | |
| Barrage | 1 | |
| Flak Cannons | 1 | |
| Sorceress Training | 1 | |
| Control Magic | 1 | |
28 total
» buildings
| Altar of Kings | 1 | |
| Barracks | 2 | |
| Farm | 9 | |
| Blacksmith | 1 | |
| Town Hall | 4 | |
| Keep | 1 | |
| Lumber Mill | 3 | |
| Arcane Sanctum | 2 | |
| Arcane Vault | 1 | |
| Castle | 1 | |
| Workshop | 2 | |
| Scout Tower | 16 | |
| Guard Tower | 6 | |
49 total
» build order
00:49 Altar of Kings
00:51 Barracks
00:53 Farm
00:55 Farm
00:57 Farm
01:16 Blacksmith
01:22 Farm
01:25 Farm
02:00 Farm
02:29 Farm
04:25 Town Hall
04:49 Farm
04:52 Farm
05:39 Keep
07:49 Barracks
07:52 Lumber Mill
08:50 Arcane Sanctum
08:53 Arcane Sanctum
09:48 Arcane Vault
11:20 Castle
12:43 Workshop
19:03 Scout Tower
19:04 Scout Tower
19:04 Scout Tower
19:05 Scout Tower
19:06 Scout Tower
19:06 Scout Tower
19:08 Scout Tower
19:08 Scout Tower
19:08 Scout Tower
19:42 Guard Tower
19:48 Guard Tower
23:37 Guard Tower
24:06 Workshop
28:03 Lumber Mill
30:39 Lumber Mill
35:06 Town Hall
35:40 Town Hall
35:46 Town Hall
38:59 Scout Tower
39:04 Scout Tower
39:10 Scout Tower
39:12 Scout Tower
39:32 Guard Tower
39:35 Guard Tower
39:37 Scout Tower
39:38 Scout Tower
39:40 Scout Tower
41:02 Guard Tower
» items
| Mechanical Critter | 2 | |
| Scroll of Regeneration | 5 | |
| Scroll of Town Portal | 3 | |
| Periapt of Vitality | 1 | |
| Staff of Teleportation | 1 | |
| Potion of Lesser Invulnerability | 1 | |
| Potion of Mana | 1 | |
| Staff of Sanctuary | 1 | |
| Potion of Healing | 4 | |
19 total
BlackJackGrove (
pink | 86 APM | 4283 actions | 49:34)
10 Death Knight
3 Death Coil
3 Unholy Aura
1 Animate Dead
3 Death Pact
» actions
| Assign group hotkey | 38 | |
| Basic commands | 211 | |
| Build / train | 146 | |
| ESC pressed | 2 | |
| Enter build submenu | 55 | |
| Enter hero's abilities submenu | 10 | |
| Give item / drop item | 8 | |
| Right click | 1678 | |
| Select / deselect | 602 | |
| Select group hotkey | 1340 | |
| Use ability | 193 | |
4283 total
» units
| Acolyte | 9 | |
| Ghoul | 3 | |
| Crypt Fiend | 10 | |
| Meatwagon | 5 | |
| Obsidian Statue | 4 | |
| Frost Wyrm | 3 | |
34 total
» upgrades
| Creature Attack | 3 | |
| Burrow | 1 | |
| Web | 1 | |
| Creature Carapace | 3 | |
| Unholy Strength | 3 | |
| Unholy Armor | 3 | |
| Destroyer Form | 1 | |
| Disease Cloud | 1 | |
| Freezing Breath | 1 | |
17 total
» buildings
| Graveyard | 1 | |
| Crypt | 2 | |
| Altar of Darkness | 1 | |
| Ziggurat | 21 | |
| Tomb of Relics | 5 | |
| Necropolis | 2 | |
| Halls of the Dead | 10 | |
| Nerubian Tower | 10 | |
| Spirit Tower | 34 | |
| Slaughterhouse | 4 | |
| Black Citadel | 8 | |
| Sacrificial Pit | 1 | |
| Boneyard | 2 | |
101 total
» build order
00:11 Graveyard
00:16 Crypt
00:46 Altar of Darkness
01:01 Ziggurat
01:03 Ziggurat
01:37 Tomb of Relics
01:40 Tomb of Relics
02:06 Ziggurat
02:09 Tomb of Relics
04:32 Ziggurat
05:08 Ziggurat
05:33 Necropolis
06:15 Halls of the Dead
06:15 Halls of the Dead
06:15 Halls of the Dead
06:16 Nerubian Tower
06:17 Nerubian Tower
06:17 Nerubian Tower
06:19 Nerubian Tower
06:19 Nerubian Tower
06:20 Nerubian Tower
06:35 Spirit Tower
08:38 Crypt
08:41 Slaughterhouse
08:58 Ziggurat
10:13 Spirit Tower
13:00 Spirit Tower
13:00 Spirit Tower
13:01 Spirit Tower
14:03 Ziggurat
14:04 Ziggurat
14:07 Ziggurat
14:12 Slaughterhouse
14:15 Tomb of Relics
14:20 Ziggurat
14:26 Slaughterhouse
15:13 Black Citadel
15:13 Black Citadel
15:13 Black Citadel
15:41 Spirit Tower
15:42 Spirit Tower
15:42 Spirit Tower
15:42 Spirit Tower
16:12 Spirit Tower
16:13 Spirit Tower
16:21 Spirit Tower
16:48 Ziggurat
16:51 Ziggurat
16:54 Ziggurat
17:00 Tomb of Relics
19:22 Halls of the Dead
19:23 Halls of the Dead
19:45 Necropolis
19:50 Ziggurat
19:51 Ziggurat
19:53 Ziggurat
22:24 Black Citadel
22:24 Black Citadel
22:36 Sacrificial Pit
22:41 Nerubian Tower
22:41 Spirit Tower
22:41 Spirit Tower
22:42 Spirit Tower
22:42 Spirit Tower
22:42 Spirit Tower
22:42 Spirit Tower
23:59 Halls of the Dead
23:59 Halls of the Dead
24:00 Halls of the Dead
25:09 Slaughterhouse
25:15 Boneyard
25:17 Boneyard
30:14 Ziggurat
30:16 Ziggurat
32:46 Spirit Tower
32:46 Spirit Tower
32:47 Spirit Tower
38:52 Ziggurat
38:54 Ziggurat
38:55 Ziggurat
41:30 Nerubian Tower
41:31 Spirit Tower
41:31 Spirit Tower
41:31 Spirit Tower
» items
| Rod of Necromancy | 4 | |
| Sacrificial Skull | 2 | |
| Scroll of Town Portal | 6 | |
| Potion of Lesser Invulnerability | 1 | |
| Orb of Corruption | 1 | |
| Scroll of Healing | 1 | |
15 total
lanu (
blue | 24 APM | 1222 actions | 50:48)
5 Archmage
3 Summon Water Elemental
2 Blizzard
3 Paladin
2 Holy Light
1 Divine Shield
» actions
| Basic commands | 6 | |
| Build / train | 98 | |
| Enter build submenu | 51 | |
| Enter hero's abilities submenu | 8 | |
| Remove unit from queue | 10 | |
| Right click | 491 | |
| Select / deselect | 474 | |
| Use ability | 84 | |
1222 total
» units
| Peasant | 23 | |
| Footman | 12 | |
| Rifleman | 6 | |
| Mortar Team | 12 | |
| Dragonhawk Rider | 6 | |
59 total
» upgrades
| Masonry | 2 | |
| Defend | 1 | |
| Swords | 1 | |
| Plating | 1 | |
| Lumber Harvesting | 1 | |
6 total
» buildings
| Altar of Kings | 2 | |
| Farm | 16 | |
| Barracks | 1 | |
| Lumber Mill | 2 | |
| Scout Tower | 15 | |
| Guard Tower | 7 | |
| Town Hall | 2 | |
| Arcane Vault | 2 | |
| Keep | 2 | |
| Blacksmith | 2 | |
| Workshop | 2 | |
| Castle | 0 | |
| Gryphon Aviary | 2 | |
55 total
» build order
00:09 Altar of Kings
00:14 Farm
00:19 Barracks
00:50 Farm
01:16 Lumber Mill
01:41 Farm
02:27 Scout Tower
02:56 Guard Tower
03:04 Farm
04:50 Scout Tower
05:26 Town Hall
05:30 Scout Tower
05:32 Scout Tower
05:35 Scout Tower
05:37 Scout Tower
05:52 Guard Tower
05:56 Farm
06:08 Scout Tower
06:10 Farm
06:13 Scout Tower
06:18 Scout Tower
06:20 Guard Tower
06:37 Guard Tower
07:55 Guard Tower
08:05 Arcane Vault
08:20 Keep
08:42 Blacksmith
12:40 Workshop
13:54 Keep
14:15 Farm
14:18 Farm
15:34 Farm
15:51 Farm
16:58 Altar of Kings
18:05 Farm
19:08 Scout Tower
19:09 Scout Tower
19:11 Scout Tower
19:13 Scout Tower
21:13 Guard Tower
22:00 Lumber Mill
23:35 Workshop
24:54 Farm
26:53 Farm
26:56 Guard Tower
27:02 Farm
27:05 Farm
28:05 Blacksmith
28:26 Farm
30:26 Castle
31:53 Gryphon Aviary
31:59 Gryphon Aviary
33:31 Arcane Vault
35:38 Town Hall
36:12 Scout Tower
36:14 Scout Tower
» items
| Scroll of Regeneration | 2 | |
| Lesser Clarity Potion | 1 | |
| Potion of Healing | 1 | |
4 total
Chat log
(03:14 / Allies) PeriqueFarmer: don't blue
(03:18 / Allies) PeriqueFarmer: that's yours
(03:41 / Allies) PeriqueFarmer: don't blue
(03:42 / Allies) PeriqueFarmer: omfg
(03:59 / Allies) PeriqueFarmer: that's way closer to you
(04:03 / Allies) BlackJackGrove: wrong expo blue
(05:40 / Allies) BlackJackGrove: 100 wood
(05:56 / Allies) BlackJackGrove: 100 wood?
(06:14 / Allies) BlackJackGrove: wow blue fucking me out of xp too
(07:32 / Allies) Thorongil: im b
(07:33 / Allies) PeriqueFarmer: why the fuck u hitting yellow
(07:45 / Allies) PeriqueFarmer: and can't say it in chat
(07:53 / Allies) BlackJackGrove: I wasn't planning to
(07:56 / Allies) BlackJackGrove: just ended up going there
(08:02 / Allies) PeriqueFarmer: I was pinging needing hlep
(08:05 / Allies) Thorongil: i was just sniping his footies
(08:10 / Allies) Thorongil: nbd
(08:20 / Allies) PeriqueFarmer: don't need help now, did when teal was competing for it
(09:16 / Allies) Thorongil: lets hit again
(10:49 / Allies) Thorongil: lets hit
(14:51 / Allies) BlackJackGrove: wood me
(17:03 / Allies) BlackJackGrove: wood me
(17:06 / Allies) Thorongil: wood anyone?
(17:14 / Allies) BlackJackGrove: I've been asking all game and gotten none
(17:30 / Allies) BlackJackGrove: spare some lumber
(17:43 / Allies) BlackJackGrove: lol
(17:52 / Allies) BlackJackGrove: the fuck is that for
(18:21 / Allies) BlackJackGrove: I asked for lumber and you give me 62 like I'm some random ladder noob
(18:30 / Allies) PeriqueFarmer: you displeased me
(18:31 / Allies) BlackJackGrove: ty
(18:34 / Allies) BlackJackGrove: how
(18:34 / Allies) BlackJackGrove: wtf
(18:40 / Allies) PeriqueFarmer: I was pinging for help with teal
(18:44 / Allies) PeriqueFarmer: and you went to yellow isntead
(18:45 / Allies) BlackJackGrove: wow big deal
(18:47 / Allies) PeriqueFarmer: equidistant
(19:15 / Allies) BlackJackGrove: you haven't helped me all game vs constant tanks
(19:18 / Allies) BlackJackGrove: but I'm not complaining
(19:20 / Allies) PeriqueFarmer: I didn't have tp
(19:22 / Allies) PeriqueFarmer: and not level 6
(19:24 / Allies) BlackJackGrove: you did now
(19:29 / Allies) PeriqueFarmer: plus that's after
(20:06 / Allies) BlackJackGrove: rifle
(24:41 / All) SHRIEK.PEAK: tanks are so imba. lol
(24:45 / All) BlackJackGrove: fucking tank bot amove noob
(26:08 / All) SHRIEK.PEAK: thankfully green and blue suck or it would have been lights out
(26:26 / All) BrianPeepers: ...
(26:44 / All) BlackJackGrove: out tankbot
(27:30 / Allies) BlackJackGrove: wood me
(27:46 / Allies) Thorongil: oj
(27:47 / Allies) Thorongil: kill
(27:47 / Allies) Thorongil: oj
(27:51 / All) SHRIEK.PEAK: blue why would u go right to me lol
(27:56 / Allies) BlackJackGrove: wood
(27:59 / All) SHRIEK.PEAK: oh to nuke pL?
(28:02 / All) SHRIEK.PEAK: got too greedy
(28:22 / Allies) BlackJackGrove: why are you being so petty because I didn't fucking attack teal
(28:37 / All) SHRIEK.PEAK: trust me yellow i aint losing
(32:02 / Allies) Thorongil: can someone kill oj already
(33:15 / Allies) Thorongil: can someone plz
(33:23 / Allies) BlackJackGrove: huh?
(33:27 / Allies) BlackJackGrove: what are you talking about green
(33:40 / Allies) Thorongil: oj
(33:48 / Allies) BlackJackGrove: what's oj
(34:11 / Allies) Thorongil: ffs
(34:26 / All) SHRIEK.PEAK: get that weaksauce out of here
(34:28 / All) SHRIEK.PEAK: green
(34:36 / All) Thorongil: STFU
(34:42 / All) SHRIEK.PEAK: llolz
(34:44 / All) BrianPeepers: ?????
(35:38 / All) SHRIEK.PEAK: buy tiny hall
(36:58 / All) PeriqueFarmer: nigger
(37:40 / All) SHRIEK.PEAK: my allies give me no credit; i totally raped green
(37:59 / All) PeriqueFarmer: pink
(38:01 / All) PeriqueFarmer: rape yellow hero
(38:15 / All) PeriqueFarmer: I've had enough of his insolence
(39:42 / Allies) lanu: pink, я тебя пидараз гнойный запомню
(41:19 / Allies) PeriqueFarmer: thx
(42:30 / All) BrianPeepers: lol
(42:40 / All) BrianPeepers: wut
(43:22 / Allies) lanu: red, kill him all
(43:59 / All) SHRIEK.PEAK: am is definitely squishier than dk
(44:35 / All) PeriqueFarmer: inner fire roollz
(44:51 / All) SHRIEK.PEAK: i should upload this game to classico on how imba tanks are
(45:06 / All) SHRIEK.PEAK: all purple did was stay in base and send 5 tanks at a time
(45:47 / All) BlackJackGrove: I needed that to dispose of my shit
(45:52 / All) BlackJackGrove: the towers
(46:20 / All) SHRIEK.PEAK: hiex so imba
(46:23 / All) PeriqueFarmer: yeh
(46:27 / All) BlackJackGrove: great now I have 1 tower to kill my shit lol
(46:31 / All) PeriqueFarmer: needs a lot longer cooldown
(46:56 / All) SHRIEK.PEAK: just give my team loss ?
(46:57 / All) BlackJackGrove: that's gonna take a while
(47:10 / All) PeriqueFarmer: yeah blue is 46-70
(47:28 / Allies) PeriqueFarmer: look at which hall it takes the gold back to
(47:31 / Allies) PeriqueFarmer: that one
(47:34 / Allies) PeriqueFarmer: instead of
(47:37 / Allies) PeriqueFarmer: that un
(47:44 / Allies) PeriqueFarmer: that's the gold mine I'm draining
(47:48 / Allies) PeriqueFarmer: awesome programming
(47:52 / All) BlackJackGrove: alt tabbin
(47:55 / Allies) BlackJackGrove: lol
(49:27 / All) PeriqueFarmer: nudda one bites da dust
(50:00 / All) PeriqueFarmer: I got 50k!
(50:27 / All) PeriqueFarmer: purple talkin?